 Dungeon Crawl Stone Soup version 0.16-a0-2461-ge8ce426 (webtiles) character file.

3138 Medar the Covert (level 9, -4/61 HPs)
             Began as a Vampire Assassin on Nov 19, 2014.
             Was a Believer of Dithmenos.
             Killed from afar by a deep elf mage (5 damage)
             ... with a magic dart
             ... in a bailey.
             The game lasted 00:23:39 (6929 turns).

Medar the Covert (Vampire Assassin)                 Turns: 6929, Time: 00:23:39

Health: -4/61      AC:  8    Str: 10    XL:     9   Next: 61%
Magic:  6/9        EV: 15    Int: 13    God:    Dithmenos [**....]
Gold:   230        SH:  0    Dex: 18    Spells: 0 memorised, 8 levels left

rFire  . . .     SeeInvis +     b - +0 blowgun
rCold  + . .     Clarity  .     c - +0 robe
rNeg   + + .     SustAb   .     (no shield)
rPois  +         Gourm    .     (no helmet)
rElec  .         Spirit   .     g - +0 cloak
rCorr  .         Warding  .     h - +1 pair of gloves
rMut   .         Stasis   .     u - +2 pair of boots
MR     .....                    (no amulet)
Stlth  +++++++++.               (no ring)
                                (no ring)

@: regenerating slowly, wreathed by umbra, not resistant to hostile
enchantments, incredibly stealthy
A: bottle blood, fangs 3, see invisible, unbreathing
a: Bat Form, Shadow Step, Renounce Religion


You were in a bailey.
You worshipped Dithmenos.
Dithmenos was pleased with you.
You were thirsty.

You visited 1 branch of the dungeon, and saw 7 of its levels.
You also visited: Bailey.

You collected 324 gold pieces.
You spent 94 gold pieces at shops.

Inventory:

Hand weapons
 a - a +1 vampiric dagger
 b - a +0 blowgun (weapon)
 d - a +0 rapier
 r - a +2 dagger
Missiles
 e - 33 poisoned needles
 w - a curare-tipped needle (quivered)
Armour
 c - a +0 robe (worn)
 g - a +0 cloak (worn)
 h - a +1 pair of gloves (worn)
 u - a +2 pair of boots (worn)
Jewellery
 o - an uncursed ring of ice
Magical devices
 t - a wand of disintegration (24)
Scrolls
 i - 2 scrolls of immolation
 k - 3 scrolls of enchant weapon
 l - a scroll of teleportation
 p - 5 scrolls of remove curse {@r1}
 q - a scroll of fog
Potions
 j - a potion of magic
 m - 19 potions of blood


   Skills:
 - Level 1.7 Fighting
 - Level 10.1 Short Blades
 - Level 1.5 Throwing
 + Level 4.7 Dodging
 + Level 14.4 Stealth


You had 8 spell levels left.
You didn't know any spells.

Dungeon Overview and Level Annotations

Branches:
Dungeon (7/15)             Temple (0/1) D:5

Altars:
Cheibriados
Dithmenos
Nemelex Xobeh
Okawaru
Trog
Yredelemnul
Zin

Shops:
D:5 [   D:6 (

Annotations:
D:3 exclusions: orc and orc priest


Innate Abilities, Weirdness & Mutations

You heal slowly.
You can bottle blood from corpses.
You have razor-sharp teeth.
You have supernaturally acute eyesight.
You can survive without breathing.


Message History

The deep elf fighter points at you and mumbles some strange words.
The magic dart hits you!
Firing (i - inventory. (,) - cycle):
w - 3 curare-tipped needles (quivered)
Press: ? - help, Shift-Dir - straight line, f/p - deep elf fighter
Aim: a deep elf fighter, wielding a long sword (grey smoke, umbra)
You shoot a curare-tipped needle.
The curare-tipped needle hits the deep elf fighter.
The deep elf fighter is poisoned.
The deep elf fighter convulses.
The deep elf fighter seems to slow down.
The deep elf fighter is moderately wounded.
Firing (i - inventory. (,) - cycle):
w - 2 curare-tipped needles (quivered)
Press: ? - help, Shift-Dir - straight line, f - deep elf mage, p - deep elf fighter
Aim: a deep elf mage, wielding a long sword (grey smoke, severely wounded, poisoned, umbra)
You shoot a curare-tipped needle.
The curare-tipped needle barely misses the deep elf mage.
The deep elf fighter gestures at you while chanting.
You resist with some effort. The deep elf mage casts a spell at you.
The magic dart hits you!
You die...

#'##)..###...######
)##.....#.....##).##
..#.....#..∩..#....#
..#.....#.)...#.*e.#
.###....#....###e.##
'# #####)##### #§##
.###....#....###*e##
..#.....#.....#ee§§#
..#.....#.....#§@§§#
.##.....#.....##§§##
####...###..)##§###
##..###'#####..##
#....##...##....#
#....#.....#....#
##..##..∩..##..##
######...######
#####


You could see 2 deep elf fighters and a deep elf mage.

Vanquished Creatures
  A deep elf knight (Bailey)
  6 deep elf magi (Bailey)
  3 deep elf fighters (Bailey)
  An ogre (D:7)
  3 centaurs
  Sigmund (D:2)
  2 giant frogs (D:6)
  3 scorpions
  A killer bee (D:7)
  3 orc priests
  4 orc wizards
  A giant frog skeleton (D:4)
  2 hounds
  3 worker ants
  A killer bee zombie (D:7)
  Ijyb (D:3)
  A hound skeleton (D:6)
  8 adders
  5 worms (D:2)
  2 adder skeletons
  4 giant geckos
  22 orcs
  6 bats
  A bat skeleton (D:6)
  3 giant cockroaches
  8 goblins
  2 hobgoblins
  11 jackals
  2 ball pythons
  A giant gecko zombie (D:6)
  A giant newt (D:4)
  A jackal skeleton (D:5)
  12 kobolds
  5 rats
  A spectral orc (D:3)
132 creatures vanquished.

Notes
Turn   | Place    | Note
--------------------------------------------------------------
     0 | D:1      | Medar, the Vampire Assassin, began the quest for the Orb.
     0 | D:1      | Reached XP level 1. HP: 16/16 MP: 1/1
    83 | D:1      | Reached skill level 6 in Stealth
   261 | D:1      | Reached XP level 2. HP: 20/22 MP: 2/2
   491 | D:1      | Reached skill level 7 in Stealth
   981 | D:2      | Noticed Sigmund
   983 | D:2      | Killed Sigmund
   983 | D:2      | Reached skill level 9 in Stealth
   983 | D:2      | Reached XP level 3. HP: 27/27 MP: 3/3
   983 | D:2      | Reached XP level 4. HP: 33/33 MP: 4/4
  1173 | D:2      | Found a shadowy altar of Dithmenos.
  1176 | D:2      | Became a worshipper of Dithmenos the Shadowed
  1363 | D:2      | Reached XP level 5. HP: 36/38 MP: 5/5
  1472 | D:2      | Found a bloodstained altar of Trog.
  2550 | D:3      | Reached skill level 10 in Stealth
  2909 | D:3      | Noticed Ijyb
  2938 | D:3      | Killed Ijyb
  2938 | D:3      | Reached XP level 6. HP: 13/44 MP: 6/6
  3156 | D:3      | Found a basalt altar of Yredelemnul.
  3628 | D:4      | Reached skill level 5 in Short Blades
  4165 | D:5      | Entered Level 5 of the Dungeon
  4231 | D:5      | Found Qeam's Antique Armour Boutique.
  4234 | D:5      | Bought a pair of gloves for 94 gold pieces
  4282 | D:5      | Reached XP level 7. HP: 49/49 MP: 7/7
  4475 | D:5      | Found a staircase to the Ecumenical Temple.
  4630 | D:5      | Found a glowing silver altar of Zin.
  5047 | D:6      | Found an iron altar of Okawaru.
  5047 | D:6      | Found a snail-covered altar of Cheibriados.
  5320 | D:6      | Found a sparkling altar of Nemelex Xobeh.
  5529 | D:6      | Found Chinnap's Weapon Boutique.
  6234 | D:7      | Reached XP level 8. HP: 38/55 MP: 8/8
  6249 | D:7      | Reached skill level 11 in Stealth
  6386 | D:7      | Acquired Dithmenos' first power
  6496 | D:7      | Found a flagged portal.
  6507 | Bailey   | Entered a bailey
  6516 | Bailey   | Reached skill level 12 in Stealth
  6580 | Bailey   | Reached skill level 13 in Stealth
  6580 | Bailey   | Reached XP level 9. HP: 61/61 MP: 9/9
  6624 | Bailey   | Reached skill level 10 in Short Blades
  6732 | Bailey   | Noticed a deep elf knight
  6754 | Bailey   | Killed a deep elf knight
  6754 | Bailey   | Reached skill level 14 in Stealth
  6913 | Bailey   | Identified a scroll of acquirement
  6923 | Bailey   | HP: 2/61 [deep elf fighter/magic dart (7)]
  6929 | Bailey   | Killed from afar by a deep elf mage

Action                   |  1- 3 |  4- 6 |  7- 9 || total
-------------------------+-------+-------+-------++-------
Melee: Dagger            |    57 |   168 |   376 ||   601
 Fire: Blowgun           |       |    72 |    28 ||   100
Invok: Shadow Step       |       |       |     1 ||     1
 Abil: End Transformatio |       |     1 |       ||     1
       Bat Form          |       |     1 |       ||     1
  Use: Potion            |     4 |     9 |     5 ||    18
       Scroll            |       |     3 |    11 ||    14
 Stab: Sleeping          |     4 |    16 |    21 ||    41
       Distracted        |     1 |     4 |       ||     5
